 Dungeon Crawl Stone Soup version 0.28.0-53-g5a82cb258f (webtiles) character file.

Game seed: 1975829595286462218

200 mcbry74 the Poker (level 5, 0/42 HPs)
             Began as a Merfolk Fighter on July 22, 2022.
             Was an Initiate of Gozag.
             Slain by a water moccasin (3 damage)
             ... on level 2 of the Dungeon.
             The game lasted 00:07:41 (3459 turns).

mcbry74 the Poker (Merfolk Fighter)                 Turns: 3459, Time: 00:07:42

Health: 0/42       AC:  8    Str: 17    XL:     5   Next: 79%
Magic:  5/5        EV:  9    Int:  9    God:    Gozag
Gold:   461        SH:  4    Dex: 13    Spells: 4/4 levels left

rFire   . . .      SeeInvis .   a - +0 trident
rCold   . . .      Faith    .   c - +0 buckler
rNeg    . . .      Spirit   .   b - +0 scale mail
rPois   .          Reflect  .   (no helmet)
rElec   .          Harm     .   (no cloak)
rCorr   .          Rampage  .   (no gloves)
Will    .....                   r - +1 pair of boots
Stlth   ..........              (no amulet)
HPRegen 0.14/turn               (no ring)
MPRegen 0.09/turn               (no ring)

@: lethally poisoned (0 -> -7)
A: (nimble swimmer 2), mertail
a: Renounce Religion, Potion Petition, Call Merchant, Bribe Branch


You were on level 2 of the Dungeon.
You worshipped Gozag.
Gozag was aware of your devotion.
You visited 1 branch of the dungeon, and saw 4 of its levels.

You collected 461 gold pieces.

Inventory:

Hand Weapons
 a - a +0 trident (weapon)
Armour
 b - a +0 scale mail (worn)
 c - a +0 buckler (worn)
 r - a +1 pair of boots (worn)
Wands
 e - a wand of charming (5)
Scrolls
 j - 3 scrolls of teleportation
 n - a scroll of enchant armour
 p - a scroll of amnesia
Potions
 d - a potion of might
 f - 2 potions of curing
 i - a potion of flight {unknown}
 k - a potion of lignification {unknown}
 o - a potion of attraction {unknown}
 q - 3 potions of heal wounds {unknown}


   Skills:
 - Level 4.0 Fighting
 * Level 6.6 Polearms
 + Level 3.1 Armour
 - Level 3.0 Shields


You had 4 spell levels left.
You didn't know any spells.
Your spell library contained the following spells:

 Spells                   Type           Power      Damage    Failure   Level
 Animate Skeleton         Necr           0%         N/A       87%         1
 Pain                     Necr           0%         1d4       87%         1
 Vampiric Draining        Necr           0%         2d6       99%         3


Dungeon Overview and Level Annotations

Branches:
Dungeon (4/15)             Temple (0/1) D:4

Altars:
Gozag


Innate Abilities, Weirdness & Mutations

((You are very nimble when in or above water. (Stealth+, EV+, Speed+++)))
Your lower body shifts to a powerful aquatic tail in water.


Message History

You feel sick.
You feel sick.
You feel sick.
You feel sick.
You are no longer poisoned.
The water moccasin seems to regain its courage.
You block the water moccasin's attack.
You see here a +0 whip.
The water moccasin bites you but does no damage.
The water moccasin barely misses you. The water moccasin bites you.
You are lethally poisoned!
The water moccasin poisons you!
* * * LOW HITPOINT WARNING * * *
You feel very sick.
There is a stone staircase leading up here.
* * * LOW HITPOINT WARNING * * *
You feel very sick.
The water moccasin bites you but does no damage.
You block the water moccasin's attack.
You climb upwards.
* * * LOW HITPOINT WARNING * * *
You feel very sick.
There is a stone staircase leading down here.
You feel better. The water moccasin bites you.
* * * LOW HITPOINT WARNING * * *
You feel better. You block the water moccasin's attack.
You feel better. The water moccasin bites you! The water moccasin bites you.
You closely miss the water moccasin. The water moccasin bites you.
* * * LOW HITPOINT WARNING * * *
You are lethally poisoned!
The water moccasin poisons you!
You hit the water moccasin.
The water moccasin is moderately wounded.
* * * LOW HITPOINT WARNING * * *
You feel sick. The water moccasin bites you.
* * * LOW HITPOINT WARNING * * *
The water moccasin bites you.
You die...
Your body crumbles into a pile of gold.

####.##..##.##.#..#.##..#.#......
#.###.##.##.#..#.##).#.##.###.
#.#.......#.......#...........
#.#.##.#..#....#.....#.##.####
#.#.##....#...<#....[........#
#.#.###........#..........####
#..............#.#......######
######.###...#...S....####.......
................@................
######.####.....#.##..####..#####
.......#......###.##........####.
......##.#.#.## #.##.###.........
......##.#.#.## #.##...#.##.####.
......##......###.##...#.##.####.
.#########.#....#.##...#.##......
..............#.#.##...#.#######.
########.#....#.#................


You could see a water moccasin.

Vanquished Creatures
  2 iguanas (D:4)
  A hound skeleton (D:4)
  7 adders
  A worm (D:3)
  3 dart slugs
  An orc (D:3)
  4 ball pythons
  7 endoplasms
  A giant cockroach (D:4)
  7 goblins
  5 hobgoblins
  7 kobolds
  2 quokkas
  4 bats
  3 frilled lizards
  5 rats
60 creatures vanquished.

Notes
Turn   | Place    | Note
-------+----------+-------------------------------------------
     0 | D:1      | mcbry74 the Merfolk Fighter began the quest for the Orb.
     0 | D:1      | Reached XP level 1. HP: 18/18 MP: 1/1
   298 | D:1      | Reached XP level 2. HP: 24/24 MP: 2/2
   548 | D:1      | Found a faded altar of an unknown god.
   552 | D:1      | Prayed at the altar of an unknown god.
   552 | D:1      | Became a worshipper of Gozag Ym Sagoz the Greedy
   642 | D:1      | Reached skill level 4 in Polearms
   938 | D:2      | Reached XP level 3. HP: 29/29 MP: 3/3
  1741 | D:2      | Reached XP level 4. HP: 29/37 MP: 4/4
  2060 | D:3      | Reached skill level 5 in Polearms
  2632 | D:3      | Reached XP level 5. HP: 39/42 MP: 5/5
  2917 | D:4      | Found a staircase to the Ecumenical Temple.
  2926 | D:4      | Reached skill level 6 in Polearms
  3436 | D:4      | Noticed an ogre
  3436 | D:4      | Noticed a water moccasin
  3459 | D:2      | Slain by a water moccasin

Illustrated notes

Levels and vault maps discovered:
D:1:      lemuel_arrival_room, layout_basic,
          hellmonk_ecumenical_altar_heavens_door
D:2:      kennysheep_big_flooded_room, layout_basic
D:3:      layout_basic, kennysheep_path_1, minmay_fractal_squares_gapless_5
D:4:      layout_rooms, temple_statues, serial_shops, nicolae_shop_trees,
          gammafunk_ghost_cemetery, uniq_ijyb

Skill      XL: |  1  2  3  4  5 |
---------------+----------------+-----
Polearms       | 4 5 6 |  6.6
Fighting       | 4 |  4.0
Armour         | 3 |  3.1
Shields        | |  3.0

Action                   |  1- 3 |  4- 6 || total
-------------------------+-------+-------++-------
Melee: Trident           |    82 |    94 ||   176
  Use: Scroll            |       |     8 ||     8
       Potion            |       |     3 ||     3
Armor: Scale mail        |    15 |    25 ||    40
Dodge: Dodged            |    24 |    24 ||    48
Block: Buckler           |     9 |    11 ||    20
